 Dungeon Crawl Stone Soup version 0.23-a0-650-ga4d50d4 (webtiles) character file.

361869 Amnesiac the Acrobat (level 21, -17/109 HPs)
             Began as a Felid Earth Elementalist on Jan 6, 2019.
             Was the Champion of Vehumet.
             Killed from afar by an orb of fire (26 damage)
             ... with a bolt of fire
             ... on level 4 of the Realm of Zot on Jan 7, 2019.
             The game lasted 03:24:49 (85729 turns).

Amnesiac the Acrobat (Felid Earth Elementalist)    Turns: 85729, Time: 03:24:49

Health: -17/109    AC:  3    Str:  4    XL:     21   Next: 16%
Magic:  0/41       EV: 37    Int: 25    God:    Vehumet [******]
Gold:   987        SH:  0    Dex: 18    Spells: 1/60 levels left
                                        Lives:  0   Deaths: 3

rFire    + + .     SeeInvis +     - Unarmed
rCold    + . .     Gourm    .   (shield unavailable)
rNeg     . . .     Faith    .   (armour unavailable)
rPois    .         Spirit   +   (helmet unavailable)
rElec    .         Reflect  .   (cloak unavailable)
rCorr    .         Harm     .   (gloves unavailable)
MR       +++..                  (boots unavailable)
Stlth    ++........             K - amulet of guardian spirit
HPRegen  0.28/turn              k - ring of Xom's Envy {Fire SInv}
MPRegen  0.27/turn              F - ring of protection from fire

@: very slow
A: very small, no armour, no weapons or thrown items, stealth, claws 1, fangs 3,
see invisible, carnivore, cold resistance 1, speed 1, low mp 1, shaggy fur 3,
slow metabolism 1, no potion heal 1, subdued magic 1, sharp paws
}: 3/15 runes: decaying, abyssal, gossamer
a: Renounce Religion


You were on level 4 of the Realm of Zot.
You worshipped Vehumet.
Vehumet was exalted by your worship.
You were very full.

You visited 8 branches of the dungeon, and saw 42 of its levels.
You visited the Abyss 1 time.
You also visited: Sewer, Bailey, Gauntlet, Ice Cave and Volcano.

You collected 4537 gold pieces.
You spent 3550 gold pieces at shops.

Inventory:

Missiles
 i - 875 stones
 v - 339 arrows
Jewellery
 g - an uncursed ring of magical power
 k - the ring of Xom's Envy (left paw) {Fire SInv}
   (You found it on level 3 of the Depths)

   [ring of fire]

   It enhances your fire magic.
   It protects you from fire.
   It makes you vulnerable to cold.
   It lets you see invisible.
 p - the ring of Pofij {rF+ rC+ MP+9 Str-5 Dex+5}
   (You found it on level 5 of the Depths)

   [ring of dexterity]

   It affects your strength (-5).
   It affects your dexterity (+5).
   It protects you from fire.
   It protects you from cold.
   It affects your magic capacity (+9).
 F - a ring of protection from fire (right paw)
 K - an amulet of guardian spirit (around neck)
 N - a +5 ring of intelligence
 R - an uncursed ring of flight
 W - the ring of Husodot {Wiz Str+3}
   (You bought it in a shop on level 2 of the Orcish Mines)

   [ring of wizardry]

   It improves your spell success rate.
   It affects your strength (+3).
Wands
 e - a wand of iceblast (5)
 h - a wand of clouds (1)
 s - a wand of flame (76)
 B - a wand of polymorph (14)
 J - a wand of enslavement (13)
 M - a wand of digging (14)
 P - a wand of random effects (96)
 S - a wand of paralysis (27)
 T - a wand of acid (13)
Scrolls
 a - 24 scrolls of identify {!r}
 f - 10 scrolls of amnesia {!r}
 j - 18 scrolls of teleportation {!r}
 q - 28 scrolls of remove curse {!r}
 r - 3 scrolls of magic mapping {!r}
 u - a scroll of vulnerability {!r}
 y - 7 scrolls of fog {!r}
 E - a scroll of holy word {!r}
Potions
 n - 12 potions of flight {!q}
 o - 14 potions of might {!q}
 t - 8 potions of brilliance {!q}
 z - 9 potions of agility {!q}
 C - 5 potions of lignification {!q}
 G - 3 potions of berserk rage {!q}
 I - a potion of mutation {!q}
Miscellaneous
 b - a lightning rod (4/4)
 A - a phial of floods (inert)
 H - a fan of gales (inert)
 Q - a lamp of fire
 V - 2 sacks of spiders
Comestibles
 c - 65 rations


   Skills:
 * Level 20.0 Fighting
 + Level 22.5 Dodging
 - Level 5.0 Stealth
 - Level 5.0 Unarmed Combat
 - Level 20.0 Spellcasting
 - Level 5.0 Conjurations
 - Level 5.0 Transmutations
 + Level 20.1 Earth Magic
 - Level 5.0 Evocations


You had one spell level left.
You knew the following spells:

 Your Spells              Type           Power        Failure   Level  Hunger
a - Iron Shot             Conj/Erth      ######....   1%          6    ##.....
b - Passwall              Tmut/Erth      ######..     0%          2    None
c - Lehudib's Crystal Sp  Conj/Erth      ######....   16%         8    ######.
d - Lee's Rapid Deconstr  Erth           #######...   0%          5    None
f - Stone Arrow           Conj/Erth      ######       0%          3    None
g - Summon Butterflies    Summ           ###.....     1%          1    None
h - Sticks to Snakes      Tmut           #####...     1%          2    None
j - Statue Form           Tmut/Erth      ######...    1%          6    ##.....
q - Shatter               Erth           #######...   11%         9    #######
r - Regeneration          Chrm/Necr      ###.......   4%          3    None
s - Borgnjor's Vile Clut  Necr/Erth      ######....   1%          5    None
v - Blink                 Tloc           N/A          1%          2    None
w - Irradiate             Conj/Tmut      #####.....   1%          5    None
z - Swiftness             Chrm/Air       ###.....     1%          2    None

Your spell library contained the following spells:

 Spells                   Type           Power        Failure   Level  Hunger
 Chain Lightning          Conj/Air       ####......   100%        8    ######.
 Ignition                 Fire           ####......   100%        8    ######.
 Sandblast                Erth           ######       0%          1    None
 Animate Skeleton         Necr           N/A          1%          1    None
 Beastly Appendage        Tmut           #####.       1%          1    None
 Corona                   Hex            ###....      1%          1    None
 Infusion                 Chrm           ###.         1%          1    None
 Magic Dart               Conj           ####         1%          1    None
 Pain                     Necr           ###.         1%          1    None
 Shock                    Conj/Air       ####         1%          1    None
 Summon Small Mammal      Summ           ###.         1%          1    None
 Call Imp                 Summ           ###.....     1%          2    None
 Poisonous Vapours        Pois/Air       ###...       1%          2    None
 Shroud of Golubria       Chrm/Tloc      ###.......   1%          2    None
 Slow                     Hex            ###.....     1%          2    None
 Song of Slaying          Chrm           ###.....     1%          2    None
 Conjure Flame            Conj/Fire      #####...     1%          3    None
 Inner Flame              Hex/Fire       ####....     1%          3    None
 Mephitic Cloud           Conj/Pois/Air  ####....     1%          3    None
 Spider Form              Tmut/Pois      ####......   1%          3    None
 Static Discharge         Conj/Air       ####....     1%          3    None
 Force Lance              Conj/Tloc      ####....     1%          4    None
 Leda's Liquefaction      Hex/Erth       ######....   1%          4    None
 Petrify                  Tmut/Erth      ######..     1%          4    None
 Bolt of Magma            Conj/Fire/Erth ######....   1%          5    None
 Call Canine Familiar     Summ           ###.....     4%          3    None
 Ozocubu's Armour         Chrm/Ice       ###.....     4%          3    None
 Recall                   Summ/Tloc      N/A          4%          3    None
 Summon Guardian Golem    Hex/Summ       ###.....     4%          3    None
 Teleport Other           Tloc           ###.....     4%          3    None
 Vampiric Draining        Necr           ###.......   4%          3    None
 Airstrike                Air            ###.......   4%          4    None
 Ice Form                 Ice/Tmut       ####....     4%          4    None
 Blade Hands              Tmut           #####.....   4%          5    None
 Lightning Bolt           Conj/Air       ####......   4%          5    None
 Animate Dead             Necr           N/A          14%         4    None
 Cause Fear               Hex            ###.......   14%         4    None
 Summon Ice Beast         Ice/Summ       ###.....     14%         4    None
 Summon Lightning Spire   Summ/Air       ###.....     14%         4    None
 Poison Arrow             Conj/Pois      ####......   21%         6    ##.....
 Freezing Cloud           Conj/Ice/Air   ####......   30%         6    ##.....
 Aura of Abjuration       Summ           ###.......   38%         5    None
 Summon Demon             Summ           ###.......   38%         5    None
 Summon Forest            Summ/Tloc      ###.......   38%         5    None
 Summon Mana Viper        Hex/Summ       ###.....     38%         5    None
 Death Channel            Necr           ###.......   94%         6    ##.....
 Shadow Creatures         Summ           N/A          94%         6    ##.....
 Simulacrum               Ice/Necr       ###.......   94%         6    ##.....
 Ring of Flames           Chrm/Fire      ####......   100%        7    ####...
 Summon Hydra             Summ           ###.......   100%        7    ####...
 Controlled Blink         Tloc           N/A          100%        8    ######.
 Fire Storm               Conj/Fire      #####.....   100%        9    #######
 Glaciate                 Conj/Ice       ####......   100%        9    #######
 Tornado                  Air            ###.......   100%        9    #######
 Portal Projectile        Hex/Tloc       Unusable     N/A         3    N/A
 Spectral Weapon          Hex/Chrm       Unusable     N/A         3    N/A
 Excruciating Wounds      Chrm/Necr      Unusable     N/A         5    N/A

Dungeon Overview and Level Annotations

Branches:
Dungeon (15/15)            Temple (1/1) D:5            Lair (6/6) D:8
  Swamp (4/4) Lair:2       Spider (4/4) Lair:2        Slime (0/5) Lair:5
    Orc (2/2) D:12            Elf (0/3) Orc:2        Vaults (0/5) D:14
 Depths (5/5) D:15            Zot (5/5) Depths:5

Altars:
Ashenzari
Cheibriados
Dithmenos
Elyvilon
Fedhas
Gozag
Hepliaklqana
Kikubaaqudgha
Makhleb
Nemelex Xobeh
Okawaru
Qazlal
Ru
Sif Muna
Trog
Uskayaw
Vehumet
Wu Jian
Xom
Yredelemnul
Zin
The Shining One

Shops:
D:4 !   D:6 *   D:7 %}   D:9 ?   Orc:1 ((   Orc:2 (==}   Zot:4 *
Depths:1 :=:[   Depths:2 [

Portals:
Hell: Depths:1 Depths:2 Depths:3 Depths:4 Depths:5
Abyss: Depths:1 Depths:4 Depths:5
Pandemonium: Depths:2 Depths:3
Ziggurat: Depths:5
Trove: D:15 (give 2 scrolls of acquirement)

Annotations:
Depths:3 Siadyh's ghost, veteran MiBe
Depths:4 Gupsidadd's ghost, veteran MiBe
Zot:2 exclusion: 2 upstairs
Zot:4 3 runed doors, exclusion: obsidian statue, Cuunt's ghost, legendary KoHu


Innate Abilities, Weirdness & Mutations

You cannot wear armour.
You are incapable of wielding weapons or throwing items.
Your paws allow you to move quietly. (Stealth)
You have sharp claws.
You have razor-sharp teeth.
You have supernaturally acute eyesight. (SInv)
You are carnivorous and can eat meat at any time.
You cover ground quickly.
Your thick and shaggy fur keeps you warm. (AC +3, rC+)
You have a slow metabolism.
Your sharp claws are effective at attacking unaware monsters.
Your flesh is cold resistant. (rC+)
Your magical capacity is low. (-10% MP)
Potions are less effective at restoring your health.
Your spells are a little easier to cast, but a little less powerful.


Message History

The bolt of fire hits you! You resist.
Casting: Iron Shot (safe; 1% risk of failure)
Confirm with . or Enter, or press ? or * to list all spells.
Aiming: Iron Shot (safe; 1% risk of failure)
Press: ? - help, Shift-Dir - straight line, f/p - orb of fire
Aim: an orb of fire (heavily damaged)
The iron shot hits the orb of fire.
The orb of fire is severely damaged.
Casting: Iron Shot (safe; 1% risk of failure)
Confirm with . or Enter, or press ? or * to list all spells.
Aiming: Iron Shot (safe; 1% risk of failure)
Press: ? - help, Shift-Dir - straight line, f/p - orb of fire
Aim: an orb of fire (severely damaged)
The iron shot misses the orb of fire.
The orb of fire emits a lurid red light.
The bolt of fire misses you.
Casting: Iron Shot (safe; 1% risk of failure)
Confirm with . or Enter, or press ? or * to list all spells.
Aiming: Iron Shot (safe; 1% risk of failure)
Press: ? - help, Shift-Dir - straight line, f/p - orb of fire
Aim: an orb of fire (severely damaged)
The iron shot hits the orb of fire.
The orb of fire is almost destroyed.
The orb of fire glows deep purple.
The fireball explodes!
The fireball engulfs you! You resist.
The fireball engulfs the orb of fire.
The orb of fire completely resists.
You hear a deafening roar!
You hear a roar!
The orb of fire emits a lurid red light.
The fireball explodes!
The fireball engulfs you! You resist.
* * * LOW HITPOINT WARNING * * *
The fireball engulfs the orb of fire.
The orb of fire completely resists.
You climb upwards.
Level annotation: 3 runed doors, exclusion: obsidian statue, Cuunt's ghost,
There is a stone staircase leading down, spattered with blood here.
Evoke which item? (* to show all) (? for menu, Esc to quit)
Okay, then.
Evoke which item? (* to show all) (? for menu, Esc to quit)
Aiming: Enslavement
Press: ? - help, Shift-Dir - straight line, f - you Nothing appears to happen.
Unknown command.
Evoke which item? (* to show all) (? for menu, Esc to quit)
A fierce wind blows from the fan.
The orb of fire glows deep purple.
The bolt of fire misses you.
Evoke which item? (* to show all) (? for menu, Esc to quit)
Aim the phial where?
Press: ? - help, Shift-Dir - straight line, f - orb of fire
Aim: an orb of fire (almost destroyed)
The torrent of water misses the orb of fire.
The wave splashes down.
Splash!
You fall into the shallow water.
The water rises up and takes form.
The orb of fire emits a lurid red light.
The fireball explodes!
The fireball engulfs you! You resist.
* * * LOW HITPOINT WARNING * * *
The fireball engulfs the orb of fire.
The orb of fire completely resists.
The fireball engulfs your water elemental.
Your water elemental is burned terribly!
Your water elemental is destroyed!
The orb of fire glows deep purple.
The bolt of fire hits you! You resist.
You die...

#...#.# ##################.###
#.#.#.# #..........#.......#
#.#.#[###.########.#.#..####
#.#.#.).........##.#.#..######
#.#.#####.#####.##.#.#..#..<##
#.#..# #.# #.##.#(#..##)###
#.##.# #.# #.##.#.#...#..^.
####.##.####.#####≈##.#.##..#####
...............§@*>≈#.#.......d..
####.##.......##§#≈##.###########
#.###......##≈..≈#............
#.# #...........#...##########
#.# #.##........'....#### #.#
#.##........#.......# #.#
#..#........###.....# #.#
##.#........# #.....# #.#
#.#........# #.....#


You could see an orb of fire.

Vanquished Creatures
  3 ancient liches (Depths:5)
  2 orbs of fire (Zot:4)
  Frederick (Depths:5)
  2 Killer Klowns (Zot:4)
  A curse toe (Zot:2)
  the Lernaean hydra (Swamp:4)
  3 caustic shrikes
  6 golden dragons
  2 electric golems (Zot:1)
  5 tentacled monstrosities
  9 Orb Guardians
  4 liches
  Rupert (D:14)
  5 quicksilver dragons
  A titan (Depths:2)
  8 death cobs
  7 acid blobs (Zot:2)
  Kirke (Lair:4)
  A sphinx (Depths:4)
  Frances (D:14)
  5 shadow dragons
  A tentacled starspawn (Abyss:3)
  3 tengu reavers
  9 storm dragons
  A thorn hunter (Swamp:2)
  5 fire giants
  3 draconian monks
  4 frost giants
  7 draconian knights
  Louise (Depths:4)
  7 draconian scorchers
  9 ghost moths
  2 balrugs
  8 draconian stormcallers
  6 draconian shifters
  5 emperor scorpions (Spider:4)
  5 draconian annihilators
  10 stone giants
  11 very ugly things
  A stone giant (shapeshifter) (D:14)
  An ophan (Depths:5)
  4 entropy weavers
  14 green draconians
  2 vampire knights
  An apis (Depths:5)
  11 white draconians
  12 black draconians
  28 yellow draconians
  The ghost of Duffy the Thaumaturge, a journeyman DsFE of Sif Muna (Orc:1)
  A minotaur (Gauntlet)
  5 red draconians
  8 purple draconians
  4 spark wasps
  12 ettins
  A merfolk javelineer (Depths:1)
  The ghost of Defined the Fighter, a journeyman DsFi of Qazlal (Orc:2)
  8 fire dragons
  5 yaktaur captains
  A deep elf high priest (Depths:1)
  4 rakshasas
  8 great orbs of eyes
  21 hydras
  2 vault guards (D:14)
  10 ice dragons
  A spriggan air mage (Depths:4)
  A caustic shrike simulacrum (Depths:4)
  A shambling mangrove (Swamp:3)
  Erica (D:8)
  2 catoblepae
  7 centaur warriors
  6 deep troll shamans
  4 two-headed ogres
  A ghost crab (Swamp:2)
  7 tengu warriors
  3 ogre magi
  4 death yaks (Lair:6)
  7 alligators
  2 vampire magi (Depths:4)
  5 deep troll earth magi
  2 sun demons (Depths:3)
  2 orc high priests (Orc:2)
  4 spriggan berserkers
  Sonja (Orc:1)
  Nergalle (D:13)
  A thrashing horror (Abyss:3)
  A shadow wraith (Abyss:3)
  A titan skeleton (Depths:2)
  A sixfirhy (Abyss:3)
  A storm dragon zombie (Depths:4)
  A flayed ghost (Depths:3)
  7 unseen horrors
  3 glowing orange brains
  A swamp dragon (shapeshifter) (Depths:4)
  10 deep trolls
  A large abomination (Abyss:3)
  9 swamp dragons
  A spriggan druid (Swamp:3)
  A deep elf archer (D:14)
  3 wizards
  2 starcursed masses (Abyss:3)
  A lindwurm (Lair:6)
  6 deep elf magi
  5 necromancers
  8 orc knights
  A golden dragon skeleton (Depths:4)
  A wolf spider zombie (D:13)
  A lindwurm (shapeshifter) (Depths:1)
  5 orc sorcerers
  21 orb spiders
  3 oklob plants
  22 wolf spiders
  A fire giant zombie (Depths:2)
  27 ugly things
  5 cyclopes
  A worldbinder (Abyss:3)
  A salamander (shapeshifter) (D:15)
  3 manticores
  21 moths of wrath
  8 elephants
  A frost giant skeleton (Depths:4)
  6 black mambas
  An ice statue (IceCv)
  A sphinx skeleton (Depths:4)
  An iron dragon skeleton (Depths:4)
  A molten gargoyle (Volcano)
  A smoke demon (Abyss:3)
  4 gargoyles
  17 spiny frogs
  A torpor snail (Spider:3)
  A kobold demonologist (D:13)
  13 demonic crawlers
  27 yaktaurs
  A rime drake (Lair:5)
  2 ice devils (D:12)
  6 komodo dragons
  10 freezing wraiths (IceCv)
  2 tengu conjurers
  An ancient zyme (Abyss:3)
  A queen bee (Gauntlet)
  2 red devils (Abyss:3)
  39 jumping spiders
  15 hornets
  4 polar bears
  A troll (shapeshifter) (D:14)
  5 trolls
  A jumping spider (shapeshifter) (D:14)
  6 raiju (Abyss:3)
  A wolf spider simulacrum (IceCv)
  7 bog bodies
  Prince Ribbit (D:8)
  A wind drake (shapeshifter) (Depths:4)
  Grinder (D:5)
  24 slime creatures
  12 tyrant leeches
  A dream sheep (shapeshifter) (Depths:2)
  7 dream sheep
  32 blink frogs
  7 hippogriffs
  A stone giant simulacrum (Orc:2)
  An ettin skeleton (Depths:2)
  4 flying skulls (Gauntlet)
  A spriggan skeleton (Depths:2)
  2 shadows
  A ynoxinul (Abyss:3)
  31 tarantellas
  A wraith (D:15)
  3 wyverns
  A spriggan (shapeshifter) (D:15)
  12 spriggans
  73 redbacks
  3 water elementals (Depths:1)
  78 yaks
  6 hogs
  A fire elemental (Volcano)
  A golden eye (shapeshifter) (D:12)
  A neqoxec (Abyss:3)
  3 basilisks
  A chaos spawn (Abyss:3)
  2 elf skeletons (Depths:4)
  5 hungry ghosts
  6 vampire mosquitoes (Swamp:4)
  5 wargs
  2 small abominations (Abyss:3)
  An elf simulacrum (Depths:4)
  A soldier ant (D:15)
  5 insubstantial wisps (Swamp:1)
  10 swamp worms
  13 water moccasins
  9 porcupines
  2 floating eyes
  A water moccasin (shapeshifter) (Depths:3)
  Purgy (D:5)
  28 orc warriors
  5 sky beasts
  15 swamp drakes
  10 ice beasts
  2 alligator simulacra (IceCv)
  4 phantoms
  5 black bears
  A necrophage (D:8)
  10 ogres
  13 wolves
  11 boggarts (Depths:2)
  12 crocodiles
  16 centaurs
  4 big kobolds (D:8)
  Blork the orc (D:6)
  23 bullfrogs
  A gnoll sergeant (D:12)
  A wyvern skeleton (D:14)
  4 scorpions
  10 killer bees
  7 howler monkeys
  10 wights
  5 electric eels
  9 crimson imps
  4 centaur zombies
  3 bullfrog zombies
  8 hounds
  A quasit (D:8)
  2 draconian simulacra (IceCv)
  19 orc priests
  24 jellies
  21 orc wizards
  3 centaur skeletons
  Crazy Yiuf (D:7)
  2 bullfrog skeletons
  6 iguanas
  2 spectral orcs (Orc:2)
  11 worker ants
  5 spriggan simulacra (IceCv)
  A polar bear simulacrum (IceCv)
  8 troll simulacra
  A killer bee zombie (D:10)
  3 centaur simulacra (IceCv)
  4 hound skeletons
  2 howler monkey skeletons
  9 gnolls
  2 naga simulacra (IceCv)
  3 river rats (D:5)
  16 adders
  4 ogre simulacra
  A shadow imp (D:6)
  13 white imps
  An ufetubus (Abyss:3)
  2 oozes
  An orc simulacrum (Orc:2)
  2 adder zombies
  2 adder skeletons
  3 worms
  3 dart slugs
  8 leopard geckos
  98 orcs
  2 giant cockroaches
  2 hobgoblins
  10 jackals
  6 quokkas
  5 ball pythons
  12 bats
  7 frilled lizards
  6 goblins
  12 kobolds
  10 rats
  2 plants
1712 creatures vanquished.

Vanquished Creatures (collateral kills)
  A juggernaut (Depths:5)
  A pearl dragon (Depths:5)
  A draconian knight (Zot:4)
  An orc high priest (Orc:2)
  An orc knight (Orc:2)
  A moth of wrath (Zot:3)
  An orc warrior (Orc:2)
7 creatures vanquished.

Vanquished Creatures (others)
  An orb of fire (Zot:4)
  Nikola (Swamp:4)
  A death cob (Zot:1)
  A spriggan druid (Swamp:2)
  2 spriggans (Swamp:2)
  An orc (D:8)
  17 fungi
  16 plants
  14 starspawn tentacles (Abyss:3)
54 creatures vanquished.

Grand Total: 1773 creatures vanquished

Notes
Turn   | Place    | Note
-------+----------+-------------------------------------------
     0 | D:1      | Amnesiac the Felid Earth Elementalist began the quest for
                  | the Orb.
     0 | D:1      | Reached XP level 1. HP: 7/7 MP: 4/4
    42 | D:1      | Reached XP level 2. HP: 11/11 MP: 0/6
    46 | D:1      | Learned a level 2 spell: Passwall
   491 | D:2      | Found a hazy altar of Hepliaklqana.
   497 | D:2      | Found a blossoming altar of Fedhas.
   540 | D:2      | Noticed a bullfrog
   547 | D:2      | Killed a bullfrog
   547 | D:2      | Reached XP level 3. HP: 14/14 MP: 2/8
   547 | D:2      | Reached XP level 4. HP: 18/18 MP: 2/10
   553 | D:2      | Learned a level 4 spell: Petrify
   658 | D:4      | Found Kabrul's Distillery.
   685 | D:4      | Noticed a phantom
   939 | D:4      | Found a burning altar of Makhleb.
  1084 | D:4      | Bought a potion of heal wounds for 65 gold pieces
  1084 | D:4      | Bought a potion of flight for 39 gold pieces
  1098 | D:4      | Reached XP level 5. HP: 9/21 MP: 5/11
  1140 | D:4      | Killed a phantom
  1347 | D:4      | Found a snail-covered altar of Cheibriados.
  1459 | D:4      | Gained mutation: You are covered in thick fur. (AC +2)
                  | [Felid growth]
  1459 | D:4      | Reached XP level 6. HP: 12/24 MP: 8/13
  1475 | D:4      | Reached skill level 1 in Unarmed Combat
  1622 | D:5      | Entered Level 5 of the Dungeon
  1627 | D:5      | Found a staircase to the Ecumenical Temple.
  1636 | Temple   | Entered the Ecumenical Temple
  1683 | Temple   | Became a worshipper of Vehumet
  1872 | D:5      | Reached skill level 5 in Spellcasting
  1872 | D:5      | Reached skill level 5 in Earth Magic
  1936 | D:5      | Reached XP level 7. HP: 20/27 MP: 11/15
  1946 | D:5      | Learned a level 5 spell: Lee's Rapid Deconstruction
  2027 | D:5      | Noticed Grinder
  2038 | D:5      | Killed Grinder
  2241 | D:5      | Found a glowing drain.
  2309 | Sewer    | Entered a sewer
  2412 | Sewer    | Noticed Purgy
  2439 | Sewer    | Learned a level 3 spell: Stone Arrow
  3193 | D:1      | Reached * piety under Vehumet
  3193 | D:1      | Offered knowledge of Magic Dart by Vehumet.
  4092 | D:2      | Found a sparkling altar of Nemelex Xobeh.
  4349 | D:3      | Reached XP level 8. HP: 31/31 MP: 7/18
  5106 | D:3      | Found a sacrificial altar of Ru.
  5455 | D:5      | Killed Purgy
  5618 | D:6      | Reached ** piety under Vehumet
  5618 | D:6      | Offered knowledge of Sting by Vehumet.
  6051 | D:6      | Noticed Blork the orc
  6057 | D:6      | Killed Blork the orc
  6294 | D:6      | Found Eteczenyots's General Store.
  6301 | D:6      | Reached skill level 5 in Stealth
  6394 | D:6      | Bought 26 stones for 39 gold pieces
  6394 | D:6      | Bought 16 stones for 24 gold pieces
  6428 | D:6      | Found a stormy altar of Qazlal.
  6717 | D:7      | Found Hipt's Gadget Shop.
  6766 | D:7      | Offered knowledge of Throw Flame by Vehumet.
  6783 | D:7      | Found a shadowy altar of Dithmenos.
  6826 | D:7      | Reached skill level 3 in Dodging
  6826 | D:7      | Reached XP level 9. HP: 34/34 MP: 2/21
  7244 | D:7      | Found Zajiew's Food Boutique.
  7350 | D:7      | Found a runed door.
  7354 | D:7      | Noticed Crazy Yiuf
  7356 | D:7      | Killed Crazy Yiuf
  7451 | D:8      | Reached *** piety under Vehumet
  7707 | D:8      | Noticed Erica
  7751 | D:8      | Killed Erica
  7751 | D:8      | Reached skill level 4 in Dodging
  7870 | D:8      | Reached skill level 5 in Dodging
  7918 | D:8      | Identified the amulet of Gushonli {RegenMP rPois}
  7982 | D:8      | Found a staircase to the Lair.
  8243 | D:8      | Offered knowledge of Olgreb's Toxic Radiance by Vehumet.
  8272 | D:8      | Reached XP level 10. HP: 29/37 MP: 15/23
  8380 | D:8      | Found a shimmering altar of Xom.
  8381 | D:8      | Found a shimmering altar of Xom.
  8403 | D:8      | Found a shimmering altar of Xom.
  8421 | D:8      | Reached skill level 6 in Dodging
  8449 | D:8      | Reached **** piety under Vehumet
  8652 | D:8      | Noticed a three-headed hydra
  8657 | D:8      | Killed a three-headed hydra
  8657 | D:8      | Reached skill level 7 in Dodging
  8724 | D:8      | Offered knowledge of Irradiate by Vehumet.
  8731 | D:8      | Learned a level 5 spell: Irradiate
  8834 | D:8      | Found a shimmering altar of Xom.
  8893 | D:8      | Noticed Prince Ribbit
  8899 | D:8      | Killed Prince Ribbit
  8986 | D:8      | Found a glowing silver altar of Zin.
  9351 | D:9      | Reached skill level 10 in Earth Magic
  9361 | D:9      | Reached skill level 10 in Spellcasting
  9587 | D:9      | Noticed a two-headed ogre
  9592 | D:9      | Killed a two-headed ogre
  9592 | D:9      | Reached XP level 11. HP: 40/40 MP: 10/26
  9654 | D:9      | Noticed a two-headed ogre
  9663 | D:9      | Killed a two-headed ogre
  9663 | D:9      | Reached skill level 8 in Dodging
  9882 | D:9      | Found Zidaas's Magic Scroll Shoppe.
  9905 | D:9      | Bought a scroll of magic mapping for 45 gold pieces
  9905 | D:9      | Bought a scroll of random uselessness for 13 gold pieces
 10279 | D:10     | Entered Level 10 of the Dungeon
 10464 | D:10     | Reached skill level 1 in Fighting
 10780 | D:10     | Reached ***** piety under Vehumet
 10780 | D:10     | Offered knowledge of Iskenderun's Battlesphere by Vehumet.
 10781 | D:10     | Noticed a two-headed ogre
 10784 | D:10     | Killed a two-headed ogre
 11025 | D:11     | Noticed a white ugly thing
 11025 | D:11     | Noticed Nergalle
 11726 | D:11     | Noticed an unseen horror
 11737 | D:11     | Killed a white ugly thing
 11833 | D:11     | Killed an unseen horror
 11834 | D:11     | Noticed a two-headed ogre
 11840 | D:11     | Killed a two-headed ogre
 11980 | D:11     | Gained mutation: Your thick and shaggy fur keeps you warm.
                  | (AC +3, rC+) [Felid growth]
 11980 | D:11     | Reached XP level 12. HP: 44/49 MP: 22/28
 12368 | D:12     | Found a frozen archway.
 12437 | IceCv    | Identified a paperback manual
 12437 | IceCv    | Entered an ice cave
 12451 | IceCv    | Offered knowledge of Spellforged Servitor by Vehumet.
 13509 | IceCv    | Found an ancient bone altar of Kikubaaqudgha.
 13664 | IceCv    | Identified the Grimoire of Dislocation and Augmentations
 13956 | D:12     | Found a staircase to the Orcish Mines.
 14365 | D:12     | Reached skill level 5 in Transmutations
 14758 | D:13     | Offered knowledge of Bolt of Draining by Vehumet.
 14758 | D:13     | Reached XP level 13. HP: 32/52 MP: 24/30
 14856 | D:13     | Reached skill level 1 in Conjurations
 15015 | D:13     | Found a flagged portal.
 15133 | D:13     | Got a smoking marble ring
 15137 | Bailey   | Entered a bailey
 15140 | Bailey   | Identified the ring of Cioh {rPois rF- MR- EV+4 Dex+8} (You
                  | found it on level 13 of the Dungeon)
 15447 | Bailey   | Got a flickering copper ring
 15463 | Bailey   | Identified the ring "Onouch" {MR+ SInv} (You found it in a
                  | bailey)
 15918 | Orc:1    | Entered Level 1 of the Orcish Mines
 16010 | Orc:1    | Found Unoiqarph's Weapon Emporium.
 16023 | Orc:1    | Bought 15 stones for 15 gold pieces
 16057 | Orc:1    | Noticed Sonja
 16059 | Orc:1    | Killed Sonja
 16272 | Orc:1    | You fall through a shaft!
 16272 | Orc:2    | Entered Level 2 of the Orcish Mines
 16415 | Orc:1    | Reached ****** piety under Vehumet
 16711 | Orc:2    | Found a runed gate.
 16712 | Orc:2    | Found a runed gate.
 16714 | Orc:2    | Found a runed gate.
 16715 | Orc:2    | Noticed Defined's ghost (journeyman DsFi)
 16778 | Orc:2    | Killed Defined's ghost
 17395 | Orc:2    | Offered knowledge of Venom Bolt by Vehumet.
 17414 | Orc:2    | Found a staircase to the Elven Halls.
 17700 | Orc:1    | Found Febur's Weapon Boutique.
 17722 | Orc:1    | Found a runed door.
 17732 | Orc:1    | Noticed Duffy's ghost (journeyman DsFE)
 17860 | Orc:1    | Killed Duffy's ghost
 18009 | Orc:2    | Reached XP level 14. HP: 57/57 MP: 5/33
 18125 | Orc:2    | Found Tennuibb's Gadget Shop.
 18125 | Orc:2    | Found Ughuhod's Weapon Shop.
 18127 | Orc:2    | Found Oroy's Jewellery Emporium.
 18127 | Orc:2    | Found Apnuuhak's Jewellery Emporium.
 18161 | Orc:2    | Bought an uncursed amulet of guardian spirit for 300 gold
                  | pieces
 18459 | Lair:1   | Entered Level 1 of the Lair of Beasts
 18750 | Lair:1   | Identified a scroll of acquirement {!r}
 19660 | D:4      | Bought a potion of brilliance for 52 gold pieces
 19660 | D:4      | Bought a potion of mutation for 104 gold pieces
 19660 | D:4      | Bought a potion of curing for 39 gold pieces
 19660 | D:4      | Bought a potion of curing for 39 gold pieces
 19660 | D:4      | Bought a potion of curing for 39 gold pieces
 19660 | D:4      | Bought a potion of curing for 39 gold pieces
 19738 | D:6      | Bought a wand of digging (6) for 300 gold pieces
 19738 | D:6      | Bought a scroll of amnesia for 52 gold pieces
 19842 | Lair:2   | Found a gate leading to a gauntlet.
 19916 | Lair:2   | Found a staircase to the Swamp.
 19926 | Lair:2   | Found a dark tunnel.
 19927 | Volcano  | Entered a volcano
 20114 | Gauntlet | Entered a Gauntlet
 20114 | Gauntlet | Found a transporter.
 20114 | Gauntlet | Found a transporter.
 20187 | Gauntlet | Found a transporter.
 20191 | Gauntlet | Found a transporter.
 20205 | Gauntlet | Found a transporter.
 20209 | Gauntlet | Found a transporter.
 20209 | Gauntlet | Found a runed door.
 20211 | Gauntlet | Found a runed door.
 20213 | Gauntlet | Found a transporter.
 20226 | Gauntlet | Found a runed door.
 20230 | Gauntlet | Found a transporter.
 20249 | Gauntlet | Found a transporter.
 20253 | Gauntlet | Found a transporter.
 20254 | Gauntlet | Found a runed door.
 20268 | Gauntlet | Found a transporter.
 20269 | Gauntlet | Found a transporter.
 20534 | Gauntlet | Offered knowledge of Poison Arrow by Vehumet.
 20616 | Gauntlet | Identified the +7 quarterstaff "Amnesiac's Doom" {holy,
                  | MR++}
 20799 | Gauntlet | Reached skill level 5 in Conjurations
 20915 | Gauntlet | Identified the Disquisition on Bewitching Augmentations
 21061 | Lair:2   | Found a blossoming altar of Fedhas.
 21377 | Lair:2   | Found a hole to the Spider Nest.
 22488 | Lair:3   | Reached skill level 15 in Earth Magic
 22510 | Lair:2   | Reached skill level 15 in Spellcasting
 23531 | Lair:4   | Offered knowledge of Iron Shot by Vehumet.
 23567 | Lair:3   | Learned a level 6 spell: Iron Shot
 23571 | Lair:3   | Learned a level 3 spell: Regeneration
 23573 | Lair:3   | Learned a level 1 spell: Summon Butterflies
 23576 | Lair:3   | Learned a level 2 spell: Swiftness
 24190 | Lair:4   | Noticed Kirke
 24201 | Lair:4   | Noticed a sphinx
 24308 | Lair:4   | Noticed a sphinx
 24408 | Lair:4   | Killed Kirke
 24433 | Lair:4   | Reached XP level 15. HP: 60/60 MP: 9/35
 24802 | Lair:4   | Reached skill level 5 in Unarmed Combat
 25506 | Lair:5   | Found a staircase to the Slime Pits.
 25526 | Lair:5   | Found the -2 hat of the Alchemist {rElec rPois rF+ rC+ rN+
                  | MR+ rMut rCorr}
 26270 | Lair:6   | Entered Level 6 of the Lair of Beasts
 27265 | Lair:6   | Offered knowledge of Freezing Cloud by Vehumet.
 28340 | Lair:6   | Got a scorched golden ring
 28468 | Lair:6   | Identified the ring "Reny" {Dex+4 Stlth+} (You found it on
                  | level 6 of the Lair of Beasts)
 28901 | D:14     | Noticed a quicksilver dragon
 28904 | D:14     | Noticed an azure jelly
 28904 | D:14     | a quicksilver dragon changed into an azure jelly
 28905 | D:14     | an azure jelly changed into an alligator snapping turtle
 28909 | D:14     | Noticed a shadow dragon
 28909 | D:14     | an alligator snapping turtle changed into a shadow dragon
 29055 | D:13     | Killed Nergalle
 29202 | D:14     | Noticed an azure jelly
 29202 | D:14     | a minotaur changed into an azure jelly
 29204 | D:14     | an azure jelly changed into a stone giant
 29430 | D:14     | Noticed Rupert
 29584 | D:14     | Killed Rupert
 30063 | D:14     | Reached skill level 5 in Fighting
 30425 | D:14     | Noticed Frances
 30437 | D:14     | Killed Frances
 30940 | D:14     | Reached XP level 16. HP: 62/65 MP: 26/37
 30942 | D:14     | Offered knowledge of Lehudib's Crystal Spear by Vehumet.
 30942 | D:14     | Offered knowledge of Chain Lightning by Vehumet.
 30942 | D:14     | Offered knowledge of Ignition by Vehumet.
 31210 | D:14     | Found a gate to the Vaults.
 31276 | D:15     | Entered Level 15 of the Dungeon
 31556 | D:15     | Found a staircase to the Depths.
 32004 | D:15     | Found an ancient bone altar of Kikubaaqudgha.
 32035 | D:15     | Learned a level 2 spell: Sticks to Snakes
 32478 | D:15     | Found a portal to a secret trove of treasure.
 32927 | Swamp:1  | Entered Level 1 of the Swamp
 34138 | Swamp:2  | Noticed a thorn hunter
 34151 | Swamp:2  | Killed a thorn hunter
 36628 | Swamp:3  | Reached skill level 9 in Dodging
 37112 | Swamp:4  | Entered Level 4 of the Swamp
 37322 | Swamp:4  | Noticed Nikola
 37338 | Swamp:4  | Killed Nikola
 37338 | Swamp:4  | Reached skill level 10 in Dodging
 38478 | Swamp:4  | Noticed the 27-headed Lernaean hydra
 38634 | Swamp:4  | Killed the 27-headed Lernaean hydra
 38634 | Swamp:4  | Reached skill level 10 in Fighting
 38634 | Swamp:4  | Reached skill level 11 in Dodging
 38634 | Swamp:4  | Reached XP level 17. HP: 63/76 MP: 1/39
 39837 | Swamp:4  | Got a decaying rune of Zot
 40217 | Spider:1 | Entered Level 1 of the Spider Nest
 40278 | Spider:1 | Reached skill level 12 in Dodging
 41828 | Spider:1 | Reached skill level 13 in Dodging
 44086 | Spider:3 | Reached skill level 14 in Dodging
 44683 | Spider:4 | Entered Level 4 of the Spider Nest
 44695 | Spider:3 | Reached skill level 1 in Evocations
 46381 | Spider:4 | Reached XP level 18. HP: 85/85 MP: 7/40
 46899 | Spider:4 | Reached skill level 15 in Dodging
 48060 | Spider:4 | Reached skill level 5 in Evocations
 48518 | Spider:4 | Got a gossamer rune of Zot
 48881 | Depths:1 | Entered Level 1 of the Depths
 49466 | Depths:1 | Found Muxum's Book Boutique.
 49466 | Depths:1 | Found Cewoarinia's Jewellery Shop.
 49861 | Depths:1 | Reached skill level 16 in Dodging
 50003 | Depths:1 | Found Dituqury's Antique Armour Boutique.
 50005 | Depths:1 | Found Vexkinyw's Book Shop.
 50013 | Depths:1 | Bought a book of the Earth for 1300 gold pieces
 50023 | Depths:1 | Learned a level 9 spell: Shatter
 50186 | Orc:2    | Bought the ring of Husodot {Wiz Str+3} for 606 gold pieces
 50400 | Depths:1 | Found a one-way gate to the infinite horrors of the Abyss.
 50860 | Depths:1 | Found a gateway to Hell.
 52690 | Depths:2 | Reached XP level 19. HP: 91/91 MP: 9/41
 53211 | Depths:2 | Learned a level 6 spell: Statue Form
 53297 | Depths:2 | Identified the cursed +1 scale mail "Tusur" {rC+ Dex+6}
 53900 | Depths:2 | Found Kehemn's Antique Armour Shoppe.
 55271 | Depths:2 | Found a one-way gate leading to the halls of Pandemonium.
 55979 | Depths:3 | Found a transporter.
 56208 | Depths:3 | Found a transporter.
 57369 | Depths:3 | Cast into level 3 of the Abyss (the power of Zot)
 57557 | Abyss:3  | Noticed a bone dragon
 57672 | Abyss:3  | Gained mutation: Your spells are a little easier to cast,
                  | but a little less powerful. [a neqoxec]
 57675 | Abyss:3  | HP: 4/91 [wretched star/orb of energy (5)]
 57690 | Abyss:3  | Gained mutation: Your magical capacity is low. (-10% MP)
                  | [mutagenic glow]
 57701 | Abyss:3  | Found a shadowy altar of Dithmenos.
 57744 | Abyss:3  | Gained mutation: You tend to lose your temper in combat.
                  | [mutagenic glow]
 57745 | Abyss:3  | Lost mutation: Your spells are much easier to cast, but
                  | much less powerful. [potion of mutation]
 57745 | Abyss:3  | Lost mutation: Your magical capacity is low. (-10% MP)
                  | [potion of mutation]
 57745 | Abyss:3  | Lost mutation: You tend to lose your temper in combat.
                  | [potion of mutation]
 57745 | Abyss:3  | Gained mutation: You expend magic power (3 MP) to
                  | strengthen your wands. [potion of mutation]
 57929 | Abyss:3  | Noticed a hellephant
 57935 | Abyss:3  | Noticed a hellephant
 57935 | Abyss:3  | Found a corrupted altar of Lugonu.
 57940 | Abyss:3  | Got an abyssal rune of Zot
 57943 | Abyss:3  | Found a corrupted altar of Lugonu.
 58099 | Abyss:3  | Gained mutation: You are weak. (Str -2) [a neqoxec]
 58247 | Abyss:3  | HP: 2/91 [large abomination (27)]
 58249 | Abyss:3  | Noticed an ancient lich
 58256 | Abyss:3  | HP: 2/91 [starcursed mass/accursed screaming (2)]
 58259 | Abyss:3  | Killed from afar by a starcursed mass
 58260 | Abyss:3  | Reached XP level 18. HP: -3/87 MP: 0/50
 58268 | Depths:3 | Escaped the Abyss
 58268 | Depths:3 | Noticed a lich
 58269 | Depths:3 | Noticed a golden dragon
 58270 | Depths:3 | Killed a lich
 58272 | Depths:3 | Killed a lich
 58276 | Depths:3 | Killed a golden dragon
 58289 | Depths:3 | Identified the Collected Works on the Feathery Snowflakes
 58297 | Depths:3 | Got a wavering brass ring
 58309 | Depths:3 | Got a slimy lead ring
 58311 | Depths:3 | Identified the ring of Xom's Envy {Fire SInv} (You found it
                  | on level 3 of the Depths)
 58313 | Depths:3 | Identified the ring of Teseg {rC+ Int+2} (You found it on
                  | level 3 of the Depths)
 58694 | Depths:3 | Lost mutation: You expend magic power (3 MP) to strengthen
                  | your wands. [potion of mutation]
 58694 | Depths:3 | Lost mutation: You are weak. (Str -2) [potion of mutation]
 58694 | Depths:3 | Gained mutation: Your flesh is cold resistant. (rC+)
                  | [potion of mutation]
 58694 | Depths:3 | Gained mutation: You are robust. (+10% HP) [potion of
                  | mutation]
 58814 | Depths:4 | Reached XP level 19. HP: 76/100 MP: 20/42
 60942 | Depths:4 | Noticed Louise
 60943 | Depths:4 | HP: 4/100 [fire giant/fireball (49)]
 60945 | Depths:5 | Entered Level 5 of the Depths
 61998 | Depths:4 | Killed Louise
 62424 | Depths:5 | Found a gateway to a ziggurat.
 62534 | Depths:5 | Noticed a juggernaut
 62760 | Depths:5 | Noticed Frederick
 62770 | Depths:5 | Killed Frederick
 63343 | Depths:1 | Bought a book of Minor Magic for 440 gold pieces
 63346 | Depths:1 | Learned a level 2 spell: Blink
 63537 | Depths:5 | Noticed a golden dragon
 63544 | Depths:5 | Killed a golden dragon
 63585 | Depths:5 | Noticed a golden dragon
 64316 | Depths:5 | Found a runed gate.
 64316 | Depths:5 | Found a runed gate.
 64316 | Depths:5 | Found a runed gate.
 64317 | Depths:5 | Noticed an ancient lich
 64317 | Depths:5 | Noticed an ancient lich
 64318 | Depths:5 | Noticed Siadyh's ghost (veteran MiBe)
 64318 | Depths:5 | Noticed Gupsidadd's ghost (veteran MiBe)
 64319 | Depths:5 | Found an ancient bone altar of Kikubaaqudgha.
 64321 | Depths:5 | Noticed an ancient lich
 64514 | Depths:4 | Reached skill level 17 in Dodging
 64831 | Depths:5 | Killed an ancient lich
 64831 | Depths:5 | Killed an ancient lich
 65011 | Depths:5 | Noticed a pearl dragon
 65013 | Depths:5 | Killed a juggernaut
 65013 | Depths:5 | Reached XP level 20. HP: 43/105 MP: 2/44
 65025 | Depths:5 | Killed a pearl dragon
 65178 | Depths:5 | Killed an ancient lich
 65178 | Depths:5 | Reached skill level 15 in Fighting
 65180 | Depths:5 | Found a gate to the Realm of Zot.
 65379 | Depths:5 | Got a warped silver ring
 65381 | Depths:5 | Lost strength.
 65381 | Depths:5 | Identified the ring of Pofij {rF+ rC+ MP+9 Str-5 Dex+5}
                  | (You found it on level 5 of the Depths)
 65400 | Depths:5 | Identified Kikubaaqudgha's Catalogue of Evil
 65411 | Depths:5 | Learned a level 5 spell: Borgnjor's Vile Clutch
 65418 | Depths:5 | Noticed a caustic shrike
 65430 | Depths:5 | Noticed a caustic shrike
 65438 | Depths:4 | Killed a caustic shrike
 65584 | Depths:5 | Found a glowing golden altar of the Shining One.
 65589 | Depths:5 | Found a glowing silver altar of Zin.
 65590 | Depths:5 | Found a white marble altar of Elyvilon.
 65630 | Depths:5 | Noticed a caustic shrike
 65639 | Depths:5 | Killed a caustic shrike
 66674 | Depths:5 | Killed a caustic shrike
 67559 | Depths:5 | Killed a golden dragon
 67926 | Zot:1    | Entered Level 1 of the Realm of Zot
 67962 | Zot:1    | Reached skill level 18 in Dodging
 69609 | Zot:1    | Noticed an orb of fire
 70278 | Zot:1    | Learned a level 8 spell: Lehudib's Crystal Spear
 70566 | Zot:5    | Entered Level 5 of the Realm of Zot
 70810 | Zot:5    | Reached XP level 21. HP: 111/112 MP: 38/46
 70882 | Zot:5    | Noticed a golden dragon
 71043 | Zot:5    | Killed a golden dragon
 71043 | Zot:5    | Reached skill level 19 in Dodging
 72066 | Zot:5    | Noticed a Killer Klown
 72069 | Zot:5    | Noticed an orb of fire
 72070 | Zot:5    | Noticed an orb of fire
 72078 | Zot:5    | Gained mutation: Your magical capacity is low. (-10% MP)
                  | [an orb of fire]
 72100 | Zot:4    | Noticed a Killer Klown
 72414 | Zot:4    | Killed a Killer Klown
 72573 | Zot:5    | Noticed an orb of fire
 72649 | Zot:4    | Gained mutation: You tend to lose your temper in combat.
                  | [an orb of fire]
 72652 | Zot:4    | Gained mutation: Your magical capacity is very low. (-20%
                  | MP) [an orb of fire]
 72657 | Zot:4    | HP: 4/113 [orb of fire/bolt of fire (13)]
 73343 | Zot:4    | Killed a Killer Klown
 73649 | Zot:4    | Killed an orb of fire
 73649 | Zot:4    | Reached skill level 20 in Dodging
 75493 | Zot:4    | Found a runed gate.
 75493 | Zot:4    | Found a runed gate.
 75493 | Zot:4    | Found an opulent altar of Gozag.
 75493 | Zot:4    | Found a runed gate.
 75493 | Zot:4    | Noticed Cuunt's ghost (legendary KoHu)
 75494 | Zot:4    | Found Gygat's Assorted Antiques.
 76292 | Zot:4    | Killed an orb of fire
 76576 | Zot:4    | Gained mutation: Your magical capacity is extremely low.
                  | (-30% MP) [an orb of fire]
 76842 | Zot:4    | Killed an orb of fire
 76938 | Zot:4    | Reached skill level 21 in Dodging
 77577 | Zot:4    | Reached XP level 22. HP: 119/119 MP: 28/33
 78074 | Zot:3    | Identified the cursed +1 quarterstaff of Loban {elec, rN+
                  | Dex+5 Stlth+}
 78712 | Zot:2    | Noticed a golden dragon
 79339 | Zot:1    | Killed from afar by a green draconian stormcaller
 79340 | Zot:1    | Reached XP level 21. HP: -17/116 MP: 0/41
 79381 | Zot:2    | HP: 5/116 [acid (13)]
 79381 | Zot:2    | Slain by a purple draconian
 79382 | Zot:2    | Reached XP level 20. HP: -1/113 MP: 0/40
 79438 | Zot:2    | Noticed a curse toe
 79442 | Zot:2    | HP: 5/113 [acid (11)]
 79454 | Zot:2    | Gained mutation: Your spells are a little easier to cast,
                  | but a little less powerful. [mutagenic glow]
 79493 | Zot:2    | Lost mutation: You are robust. (+10% HP) [mutagenic glow]
 79801 | Zot:2    | Lost mutation: You tend to lose your temper in combat.
                  | [potion of mutation]
 79801 | Zot:2    | Lost mutation: Your magical capacity is extremely low.
                  | (-30% MP) [potion of mutation]
 79801 | Zot:2    | Lost mutation: Your magical capacity is very low. (-20% MP)
                  | [potion of mutation]
 79801 | Zot:2    | Gained mutation: You are dopey. (Int -2) [potion of
                  | mutation]
 79801 | Zot:2    | Lost mutation: You are dopey. (Int -2) [potion of mutation]
 79801 | Zot:2    | Gained mutation: You are agile. (Dex +2) [potion of
                  | mutation]
 80484 | Zot:2    | Killed a golden dragon
 80953 | Zot:2    | Killed a curse toe
 81249 | Zot:2    | Reached skill level 22 in Dodging
 84364 | Zot:3    | Reached XP level 21. HP: 109/109 MP: 35/41
 85462 | Zot:5    | Noticed a golden dragon
 85523 | Zot:5    | Noticed an orb of fire
 85523 | Zot:5    | Noticed a curse toe
 85529 | Zot:4    | Killed a golden dragon
 85631 | Zot:5    | Noticed an orb of fire
 85716 | Zot:5    | Lost mutation: You are agile. (Dex +2) [an orb of fire]
 85717 | Zot:5    | Gained mutation: Potions are less effective at restoring
                  | your health. [an orb of fire]
 85729 | Zot:4    | Killed from afar by an orb of fire

Vault maps used:
D:1:      onia_arrival_mini_spirals
D:2:      overflow_temple_1_default, fedhas_ov_isle_minmay, lemuel_round_altar,
          minivault_23
D:3:      nicolae_ru_path_of_blood, first_ration
D:4:      kennysheep_mini, kennysheep_slug_shrine, serial_shops, shop
D:5:      minmay_temple_entry_sparse_star, portal_sewer_entry_e, uniq_grinder
D:6:      old_standard_altar, serial_shops,
          nicolae_shop_competitors_out_of_business, uniq_blork_the_orc
D:7:      nicolae_dithmenos_shadow_blocks, serial_shops, shop,
          nicolae_shop_temple_entry_statues_fountains, uniq_crazy_yiuf_cottage
D:8:      kennysheep_little_box, xom_redecorated, erik_lair_orcish_takeover,
          hangedman_ranch, uniq_erica, uniq_prince_ribbit1
D:9:      serial_shops, shop
D:11:     uniq_nergalle
D:12:     hiddenorc2_lemuel, portal_ice_cave_demonic_guard,
          kennysheep_kite_vault
D:13:     enter_bailey_2
D:14:     grunt_vaults_entry_fortified, minmay_misc_feat_diagonals,
          corexii_corridor_pit, minmay_radiant, uniq_rupert, uniq_frances
D:15:     gammafunk_enter_depths_forms, ebering_dispersal_statue_hall,
          nicolae_trove_entry_diagonal, lemuel_oklob_altar
Temple:   nicolae_temple_hex_pool
Lair:2:   minmay_swamp_entry_reptiles, nicolae_spider_entry_tight_spaces,
          basic_altar, lightli_volcano_entry_magma_tube, gauntlet_entry_generic,
          beast_lair_carwin_3, grunt_megastairs_4
Lair:3:   beast_lair_carwin_11, serial_bayou_shore_a
Lair:4:   forest_entry_grove, uniq_kirke
Lair:5:   minmay_slime_entry_pillars
Lair:6:   grunt_lair_end_beastmaster, minivault_25, lemuel_fruit_tree
Swamp:1:  infiniplex_staircase_pool
Swamp:2:  evilmike_swamp_ruin_rubble_1
Swamp:3:  evilmike_swamp_ruin_house_3
Swamp:4:  swamp_old_school, swamp_pool5, uniq_nikola
Spider:4: spider_rune_water, guppyfry_spider_mini_3
Orc:1:    ebering_ghost_reflecting_pool, serial_shops, shop, shop_statue,
          mines_bat_river, uniq_sonja
Orc:2:    st_orc_elflike, gammafunk_ghost_necromancy
Depths:1: pf_coc_iceberg, abyss_entry, serial_bayou_pond_c, moated_statue,
          minmay_misc_feat_more_columns, kennysheep_underground_church,
          minmay_shoptagon
Depths:2: minmay_big_diamond_grid, rand_demon_pan_entry_4, serial_shops, shop,
          hell_entry, grunt_ministairs_9, item_on_display_a
Depths:3: gammafunk_its_a_trap, lightli_too_deep, pan_entry,
          serial_bayou_pond_c, spider_trap
Depths:4: kennysheep_bubbly, nicolae_abyss_entry_one_way_or_another,
          pf_dread_powers_of_hell, kennysheep_just_a_vault
Depths:5: evilmike_zot_entry_argh, enter_ziggurat_e, gammafunk_ghost_crypt,
          hell_entry, hangedman_abyss_or_decor_stabs, abyss_entry,
          hallowed_hall, uniq_frederick
Zot:1:    grunt_deathspiral_small
Zot:2:    lemuel_acid_trip
Zot:3:    zot_minivault_7
Zot:4:    ebering_ghost_gozag, basic_loot_grate_trap
Sewer:    sewer_co_purgy_island
Bailey:   bailey_polearm_4, bailey
IceCv:    ice_cave_small_necro
Volcano:  volcano_overflow
Gauntlet: minmay_gauntlet_77_indecision

Skill      XL: |  1  2  3  4  5  6  7  8  9 10 11 12 13 14 15 16 17 18 19 20 21 22 |
---------------+-------------------------------------------------------------------+-----
Stealth        | 3 5 |  5.0
Spellcasting   | 3 4 5 6 7 8 10 11 12 14 15 16 17 19 20 | 20.0
Earth Magic    | 3 4 5 6 7 8 10 11 12 14 15 16 17 19 20 | 20.1
Unarmed Combat | 1 2 3 4 5 |  5.0
Dodging        | 3 5 7 8 11 14 16 17 22 21 | 22.5
Fighting       | 4 5 10 12 14 19 20 18 | 20.0
Transmutations | 5 |  5.0
Conjurations   | 4 5 |  5.0
Evocations     | 3 5 |  5.0

Action                   |  1- 3 |  4- 6 |  7- 9 | 10-12 | 13-15 | 16-18 | 19-21 | 22-24 || total
-------------------------+-------+-------+-------+-------+-------+-------+-------+-------++-------
Melee: Unarmed           |    27 |    11 |   187 |    75 |   183 |    94 |   147 |    11 ||   735
       Bite              |     2 |       |    12 |     8 |    35 |    15 |    25 |     1 ||    98
       Punch             |       |       |     3 |     1 |     3 |     3 |     3 |       ||    13
 Cast: Sandblast         |    10 |    61 |   105 |   144 |   164 |    36 |     3 |       ||   523
       Stone Arrow       |       |       |    81 |    57 |    19 |       |       |       ||   157
       Passwall          |       |       |     5 |     4 |     3 |     2 |    38 |     5 ||    57
       Lee's Rapid Decon |       |       |    14 |   211 |   407 |   256 |   199 |       ||  1087
       Petrify           |       |       |     2 |    15 |    45 |     1 |    14 |       ||    77
       Iron Shot         |       |       |       |       |   120 |   500 |   643 |    38 ||  1301
       Irradiate         |       |       |       |       |       |    54 |   119 |    11 ||   184
       Shatter           |       |       |       |       |       |     8 |    42 |     7 ||    57
       Summon Butterflie |       |       |       |       |       |       |     3 |     1 ||     4
       Blink             |       |       |       |       |       |       |     7 |     5 ||    12
       Regeneration      |       |       |       |       |       |       |     1 |       ||     1
       Borgnjor's Vile C |       |       |       |       |       |       |     4 |       ||     4
       Swiftness         |       |       |       |       |       |       |     2 |     1 ||     3
       Statue Form       |       |       |       |       |       |       |     1 |       ||     1
Evoke: Wand              |       |       |       |       |    19 |    18 |    55 |     9 ||   101
       Phial of floods   |       |       |       |       |     1 |     1 |     1 |     1 ||     4
       Lamp of fire      |       |       |       |       |       |     1 |     1 |     1 ||     3
       Lightning rod     |       |       |       |       |       |       |     4 |       ||     4
       Fan of gales      |       |       |       |       |       |       |     1 |     1 ||     2
       Sack of spiders   |       |       |       |       |       |       |       |     4 ||     4
  Use: Scroll            |     3 |     3 |     7 |     5 |     9 |     8 |    24 |     2 ||    61
       Potion            |       |     2 |     4 |       |     7 |     8 |    43 |     9 ||    73
 Stab: Sleeping          |       |     1 |    20 |     5 |     8 |     4 |     2 |       ||    40
       Petrified         |       |       |     5 |    22 |    75 |       |    24 |       ||   126
       Petrifying        |       |       |       |       |    13 |       |     1 |       ||    14
       Paralysed         |       |       |       |       |       |       |     4 |     4 ||     8
  Eat: Chunk             |     2 |     7 |    18 |    37 |    63 |    84 |   100 |    11 ||   322
       Ration            |       |       |       |     5 |       |     5 |     5 |       ||    15
Armor: Skin              |       |       |    21 |     5 |     7 |    15 |    20 |     2 ||    70
Dodge: Dodged            |    21 |    40 |   236 |   112 |   236 |   682 |  1013 |   132 ||  2472

Table legend:
 A = Non-vault XP
 B = Vault XP
 C = Vault XP percentage of total XP
 D = Non-vault monster count
 E = Vault monster count
 F = Vault count percentage of total count
                 A         B        C        D         E       F
            +---------+---------+-------+---------+---------+-------
      Total |  542668 |  397468 |  42.3 |    1157 |     562 |  32.7
            +---------+---------+-------+---------+---------+-------
        D:1 |      41 |       0 |   0.0 |      22 |       0 |   0.0
        D:2 |     200 |       0 |   0.0 |      24 |       0 |   0.0
        D:3 |     189 |       0 |   0.0 |      17 |       0 |   0.0
        D:4 |     422 |       4 |   0.9 |      20 |       1 |   4.8
        D:5 |     448 |     458 |  50.6 |      12 |      10 |  45.5
        D:6 |     903 |      94 |   9.4 |      31 |       1 |   3.1
        D:7 |     383 |      40 |   9.5 |      15 |       1 |   6.2
        D:8 |    1808 |    4066 |  69.2 |      34 |      18 |  34.6
        D:9 |    3454 |       0 |   0.0 |      20 |       0 |   0.0
       D:10 |    4255 |       0 |   0.0 |      40 |       0 |   0.0
       D:11 |    5574 |       0 |   0.0 |      29 |       0 |   0.0
       D:12 |    4373 |    3588 |  45.1 |      22 |      50 |  69.4
       D:13 |   12516 |     816 |   6.1 |      51 |       1 |   1.9
       D:14 |   10322 |   15554 |  60.1 |      44 |      16 |  26.7
       D:15 |    6672 |    5107 |  43.4 |      18 |      11 |  37.9
     Lair:1 |    3216 |       0 |   0.0 |      17 |       0 |   0.0
     Lair:2 |    7125 |    5461 |  43.4 |      30 |      22 |  42.3
     Lair:3 |    6062 |     783 |  11.4 |      23 |       4 |  14.8
     Lair:4 |    8746 |    4343 |  33.2 |      31 |      12 |  27.9
     Lair:5 |    4660 |     612 |  11.6 |      13 |       4 |  23.5
     Lair:6 |    9314 |    9248 |  49.8 |      35 |      18 |  34.0
    Swamp:1 |    4875 |       0 |   0.0 |      14 |       0 |   0.0
    Swamp:2 |   12349 |       0 |   0.0 |      28 |       0 |   0.0
    Swamp:3 |   12336 |       0 |   0.0 |      28 |       0 |   0.0
    Swamp:4 |    4694 |   25597 |  84.5 |      19 |      30 |  61.2
   Spider:1 |   21569 |       0 |   0.0 |      56 |       0 |   0.0
   Spider:2 |   11994 |       0 |   0.0 |      31 |       0 |   0.0
   Spider:3 |   11034 |     225 |   2.0 |      31 |       1 |   3.1
   Spider:4 |   19155 |   24872 |  56.5 |      46 |      48 |  51.1
      Orc:1 |    2793 |    2100 |  42.9 |      22 |       7 |  24.1
      Orc:2 |     819 |    8498 |  91.2 |      15 |      33 |  68.8
   Depths:1 |   21465 |    3888 |  15.3 |      28 |       6 |  17.6
   Depths:2 |   29189 |   37005 |  55.9 |      44 |      32 |  42.1
   Depths:3 |   26475 |   17403 |  39.7 |      35 |      10 |  22.2
   Depths:4 |   42370 |   17866 |  29.7 |      45 |      16 |  26.2
   Depths:5 |   30294 |   58108 |  65.7 |      24 |      18 |  42.9
      Zot:1 |   37711 |   17715 |  32.0 |      22 |      12 |  35.3
      Zot:2 |   48877 |   46243 |  48.6 |      32 |      47 |  59.5
      Zot:3 |   13999 |   20370 |  59.3 |       9 |      15 |  62.5
      Zot:4 |   60946 |   30560 |  33.4 |      39 |       6 |  13.3
      Zot:5 |   25358 |   20776 |  45.0 |      14 |       8 |  36.4
    Abyss:3 |   13683 |    1899 |  12.2 |      27 |       5 |  15.6
      Sewer |       0 |      47 | 100.0 |       0 |       8 | 100.0
     Bailey |       0 |    2370 | 100.0 |       0 |      18 | 100.0
      IceCv |       0 |    6742 | 100.0 |       0 |      54 | 100.0
    Volcano |       0 |    1453 | 100.0 |       0 |       4 | 100.0
   Gauntlet |       0 |    3557 | 100.0 |       0 |      15 | 100.0
            +---------+---------+-------+---------+---------+-------
